 Dungeon Crawl Stone Soup version 0.28-a0-1117-g0bdd5ba030 (webtiles) character file.

Game seed: 5182373107095031687

73 siradein the Skirmisher (level 4, -3/37 HPs)
             Began as a Palentonga Fighter on Dec 11, 2021.
             Killed by divine providence
             ... invoked by an orc priest
              (11 damage)
             ... on level 2 of the Dungeon.
             The game lasted 00:01:55 (1123 turns).

siradein the Skirmisher (Palentonga Fighter)        Turns: 1123, Time: 00:01:55

Health: -3/37      AC:  6    Str: 19    XL:     4   Next: 8%
Magic:  13/13      EV:  7    Int:  8    God:
Gold:   6          SH:  4    Dex: 12    Spells: 3/3 levels left

rFire   . . .      SeeInvis +   a - +0 long sword
rCold   . . .      Faith    .   c - +0 buckler
rNeg    . . .      Spirit   .   b - +0 scale mail
rPois   .          Reflect  .   (no helmet)
rElec   .          Harm     .   (no cloak)
rCorr   .          Rampage  .   (no gloves)
Will    .....                   (no barding)
Stlth   ..........              (no amulet)
HPRegen 0.12/turn               i - ring of magical power
MPRegen 0.13/turn               (no ring)

@: no status effects
A: large, rugged brown scales 3, see invisible, deformed body, roll 1, armoured
tail
a: Rolling Charge


You were on level 2 of the Dungeon.
You visited 1 branch of the dungeon, and saw 2 of its levels.

You collected 30 gold pieces.
You spent 24 gold pieces at shops.

Inventory:

Hand Weapons
 a - a +0 long sword (weapon)
Armour
 b - a +0 scale mail (worn)
 c - a +0 buckler (worn)
Jewellery
 i - a ring of magical power (left hand)
Scrolls
 e - a scroll of noise {unknown}
Potions
 d - a potion of might
 f - a potion of heal wounds
 g - a potion of flight {unknown}
 h - a potion of degeneration {unknown}


   Skills:
 + Level 3.5 Fighting
 + Level 2.7 Long Blades
 + Level 2.9 Armour
 + Level 0.5 Dodging
 + Level 2.8 Shields


You had 3 spell levels left.
You didn't know any spells.
Your spell library was empty.

Dungeon Overview and Level Annotations

Branches:
Dungeon (2/15)

Altars:

Shops:
D:1 *   D:2 ?


Innate Abilities, Weirdness & Mutations

You are completely covered in rugged brown scales. (AC +3, +7% HP)
You have supernaturally acute eyesight. (SInv)
Armour fits poorly on your strangely shaped body.
You can roll at nearby foes to attack.
You have a long armoured tail.


Message History

You climb upwards.
There is a stone staircase leading down here.
You slash the adder!
You kill the adder!
You have reached level 4!
You feel agile.
You climb downwards.
There is a stone staircase leading up here.
The endoplasm completely misses you.
You climb upwards.
There is a stone staircase leading down here.
You slash the endoplasm!
You kill the endoplasm!
No target in view!
No target in view!
You climb downwards.
The orc priest invokes the aid of Beogh against you.
Beogh smites you!
There is a stone staircase leading up here.
You hit the orc priest but do no damage.
You tail-slap the orc priest.
The orc priest is lightly wounded.
The orc priest hits you with a +0 club.
You slash the orc priest!
The orc priest is severely wounded.
The orc priest barely misses you.
You completely miss the orc priest.
The orc priest is severely wounded.
The orc priest looks braver for a moment.
The orc priest begins to cast a cantrip, but forgets the words!
You hit the orc priest but do no damage.
The orc priest is severely wounded.
The orc priest mumbles some strange prayers to Beogh against you.
Pain shoots through your body!
* * * LOW HITPOINT WARNING * * *
You barely miss the orc priest.
The orc priest is severely wounded.
The orc priest mumbles some strange prayers to Beogh against you.
Beogh smites you!
You die...

#......∩...#####
####..⌠.⌠..#
#.#..###.##### #.
##.###.....# .
##.##.##### #.
##.###.#####.#
#..#[)###........
#...#.o..######
#..#....@.......
#...#.#<÷#######
#.....#..#
#...###..# ##.#
#..# #. #... #
#...# #...# #...#


You could see an orc priest.

Vanquished Creatures
  3 adders
  2 dart slugs (D:1)
  4 ball pythons (D:1)
  2 bats (D:1)
  A bat skeleton (D:2)
  5 endoplasms (D:1)
  2 giant cockroaches (D:1)
  2 goblins
  2 hobgoblins (D:1)
  4 jackals (D:1)
  5 kobolds (D:1)
  A quokka (D:1)
  A quokka skeleton (D:2)
  4 rats (D:1)
38 creatures vanquished.

Notes
Turn   | Place    | Note
-------+----------+-------------------------------------------
     0 | D:1      | siradein the Palentonga Fighter began the quest for the
                  | Orb.
     0 | D:1      | Reached XP level 1. HP: 19/19 MP: 1/1
    84 | D:1      | Reached XP level 2. HP: 20/25 MP: 2/2
   443 | D:1      | Reached XP level 3. HP: 30/31 MP: 3/3
   507 | D:1      | Found Lool's Assorted Antiques.
  1071 | D:2      | Found Vytt's Magic Scroll Boutique.
  1075 | D:2      | Bought a scroll of identify for 24 gold pieces
  1111 | D:1      | Reached XP level 4. HP: 37/37 MP: 4/4
  1123 | D:2      | Killed from afar by an orc priest

Illustrated notes

Levels and vault maps discovered:
D:1:      dpeg_arrival_orchard, layout_basic, serial_shops, nicolae_square_shop
D:2:      minmay_wonky_spiral, layout_loops_ring, serial_shops, shop_fountains,
          serial_undead, serial_undead_a, serial_undead_c, serial_undead_d,
          serial_undead_a, serial_undead_f, serial_undead_b,
          shapermc_ecumenical_altar_mp_urbaneastern, uniq_crazy_yiuf_cottage

Action                   |  1- 3 |  4- 6 || total
-------------------------+-------+-------++-------
Melee: Long sword        |    87 |     6 ||    93
       Tailslap          |    10 |     1 ||    11
  Use: Scroll            |     1 |       ||     1
Armor: Scale mail        |    58 |       ||    58
Dodge: Dodged            |    32 |     2 ||    34
Block: Buckler           |    13 |       ||    13

Table legend: (Time is in decaauts)
 A = Elapsed time spent in this place.
 B = Non-inter-level travel time spent in this place.
 C = Inter-level travel time spent in this place.
 D = Time resting spent in this place.
 E = Time spent auto-exploring this place.
 F = Levels seen in this place.
 G = Mean time per level.
                   A        B        C        D        E       F      G
               +--------+--------+--------+--------+--------+-----+--------+
         Total |   1151 |   1108 |     43 |      0 |    858 |   2 |  575.5 |
       Dungeon |   1151 |   1108 |     43 |      0 |    858 |   2 |  575.5 |
               +--------+--------+--------+--------+--------+-----+--------+

Top non-repeatable levels by time:
     D:1: 931 daAuts
     D:2: 219 daAuts
